 Dungeon Crawl Stone Soup version 0.30.0 (webtiles) character file.

Game seed: 4177242867339846445

22 Ubbricas the Trooper (level 2, -1/16 HPs)
             Began as a Vine Stalker Fighter on May 18, 2023.
             Slain by a cerulean imp
             ... wielding a +2 spear
             ... summoned by Natasha
              (2 damage)
             ... on level 2 of the Dungeon.
             The game lasted 00:01:40 (1171 turns).

Ubbricas the Trooper (Vine Stalker Fighter)         Turns: 1171, Time: 00:01:41

Health: -1/16      AC:  6    Str: 18    XL:     2   Next: 91%
Magic:  0/3        EV:  9    Int:  8    God:
Gold:   121        SH:  0    Dex: 13    Spells: 1/1 levels left

rFire   . . .        a - +0 rapier
rCold   . . .        g - orb {light}
rNeg    + . .        b - +0 scale mail
rPois   .            (no helmet)
rElec   .            (no cloak)
rCorr   .            (no gloves)
SInv    .            (no boots)
Will    .....        i - amulet of magic regeneration Stlth
                     j - ring of positive energy
HPRegen 0.22/turn    (no ring)
MPRegen 0.48/turn

%: guardian spirit
@: slowed, glowing, very slow
A: fangs 2, magic shield, antimagic bite, no potion heal 2
a: no special abilities


You were on level 2 of the Dungeon.
You visited 1 branch of the dungeon, and saw 2 of its levels.

You collected 121 gold pieces.

Inventory:

Hand Weapons
 a - a +0 rapier (weapon)
Missiles
 h - 2 poisoned darts (quivered)
Armour
 b - a +0 scale mail (worn)
 c - a +0 buckler
 g - an orb of light (worn)
Jewellery
 i - an amulet of magic regeneration (around neck)
 j - a ring of positive energy (left hand)
Scrolls
 m - a scroll of magic mapping {unknown}
Potions
 d - a potion of might
 e - a potion of degeneration {unknown}
 f - a potion of curing {unknown}
 k - a potion of brilliance {unknown}
 l - a potion of mutation {unknown}


   Skills:
 + Level 3.0 Fighting
 * Level 2.6 Short Blades
 - Level 2.4 Armour
 - Level 2.6 Shields


You had one spell level left.
You didn't know any spells.
Your spell library was empty.

Dungeon Overview and Level Annotations

Branches:
Dungeon (2/15)

Altars:

Annotations:
D:2 Natasha


Innate Abilities, Weirdness & Mutations

You have extremely sharp teeth.
When hurt, damage is shared between your health and your magic reserves.
Your bite disrupts and absorbs the magic of your enemies.
Potions cannot restore your health.


Message History

Key pressed, stopping explore.
No target in view!
m - a scroll labelled UWNUSA HULLI Natasha, Servant of Life and Death comes into view.
Found a stone staircase leading up.
Natasha is nearby!
Natasha casts a spell at you. The magic dart hits you.
Natasha growls.
Found a stone staircase leading down.
Natasha closely misses you.
You hit Natasha but do no damage. Natasha casts a spell at you.
You feel yourself slow down.
You hit Natasha.
Natasha is lightly wounded.
Natasha claws you! Natasha claws you.
You are too injured to fight recklessly!
You barely miss Natasha.
Natasha is lightly wounded.
Natasha casts a spell.
You hit Natasha.
Natasha is moderately wounded.
Natasha closely misses you. Natasha claws you.
* * * LOW HITPOINT WARNING * * *
Unknown command.
You hit Natasha. Your bite misses Natasha.
Natasha is moderately wounded.
The cerulean imp hits you from afar with a +2 spear.
* * * LOW HITPOINT WARNING * * *
Natasha closely misses you.
The cerulean imp hits you from afar with a +2 spear.
* * * LOW HITPOINT WARNING * * *
You hit Natasha. Your bite misses Natasha.
Natasha is heavily wounded.
Natasha barely misses you. The cerulean imp barely misses you.
Natasha barely misses you.
You closely miss Natasha.
Natasha is heavily wounded.
The cerulean imp hits you from afar with a +2 spear.
You die...

.>...... #......
#.. #..... #...
#.... .#... #...
......#5. #....#h#
#. #....#@######
.##..#...........##
.............<....
# #..#.####.#######
..##..........#
.......####..#
#..#.####..# #.#.#
#..........# #.#.#
##.#.####..###


You could see Natasha and a cerulean imp (summoned).

Vanquished Creatures
  2 bats (D:1)
  2 endoplasms
  3 giant cockroaches (D:1)
  2 hobgoblins
  2 quokkas (D:1)
  3 ball pythons (D:1)
  3 frilled lizards (D:1)
  2 kobolds (D:1)
  A rat (D:1)
20 creatures vanquished.

Vanquished Creatures (others)
  A fungus (D:1)
  5 toadstools (D:1)
6 creatures vanquished.

Grand Total: 26 creatures vanquished

Notes
Turn   | Place    | Note
-------+----------+-------------------------------------------
     0 | D:1      | Ubbricas the Vine Stalker Fighter began the quest for the
                  | Orb.
     0 | D:1      | Reached XP level 1. HP: 11/11 MP: 2/2
    47 | D:1      | Found a faded altar of an unknown god.
   329 | D:1      | Reached XP level 2. HP: 16/16 MP: 3/3
   688 | D:1      | Reached skill level 3 in Fighting
  1161 | D:2      | Noticed Natasha
  1171 | D:2      | Slain by a cerulean imp

Illustrated notes

Levels and vault maps discovered:
D:1:      dpeg_arrival_rooms_a, layout_basic, nicolae_ecumenical_snake_handling,
          serial_co_window_serial, co_window_paths_a, co_window_corner_a,
          co_window_paths_a, co_window_paths_a, co_window_paths_a,
          co_window_paths_b, co_window_cross_1, co_window_broadway_c,
          co_window_cross_2, co_window_corner_b, co_window_of_opportunity_b,
          co_window_sun, glass_columns_b, glass_columns_a, glass_columns_b,
          glass_columns_c, glass_columns_a, minmay_gold_behind_fungi
D:2:      layout_basic, basic_altar, cheibrodos_gnoll_hut, uniq_natasha,
          uniq_robin

Skill      XL: |  1  2 |
---------------+-------+-----
Short Blades   | 2 |  2.6
Fighting       | 3 |  3.0
Armour         | |  2.4
Shields        | |  2.6

Action                     || total
---------------------------++-------
  Melee: Rapier            ||    70
         Bite              ||    15
 Armour: Scale mail        ||    23
  Dodge: Dodged            ||    36
  Block: Buckler           ||     4
